 Dungeon Crawl Stone Soup version 0.24-a0-203-gf0bc1e9 (webtiles) character file.

Game seed: 14696468689327522134

4243 Ivan the Cleaver (level 10, -8/91 HPs)
             Began as a Minotaur Berserker on Mar 26, 2019.
             Was a High Priest of Trog.
             Mangled by an orc warrior
             ... wielding a +1 trident of distortion
              (23 damage)
             ... on level 8 of the Dungeon.
             The game lasted 00:21:39 (8001 turns).

Ivan the Cleaver (Minotaur Berserker)               Turns: 8001, Time: 00:21:45

Health: -8/91      AC: 15    Str: 32    XL:     10   Next: 9%
Magic:  9/9        EV: 10    Int:  4    God:    Trog [*****.]
Gold:   363        SH:  7    Dex:  9    Spells: 9/9 levels left

rFire    + . .     SeeInvis .   a - +0 hand axe
rCold    . . .     Gourm    +   g - +2 buckler
rNeg     . . .     Faith    .   l - +0 chain mail
rPois    .         Spirit   .   (helmet restricted)
rElec    .         Reflect  .   (no cloak)
rCorr    .         Harm     .   x - +2 pair of gloves
MR       .....                  p - +0 pair of boots
Stlth    ..........             A - amulet of the gourmand
HPRegen  0.25/turn              O - +6 ring of strength
MPRegen  0.11/turn              o - ring of protection from fire

@: lethally poisoned (-8 -> -9), berserk cooldown, slowed, studying Unarmed
Combat, very slow
A: retaliatory headbutt, horns 2
a: Berserk, Trog's Hand, Brothers in Arms, Renounce Religion


You were on level 8 of the Dungeon.
You worshipped Trog.
Trog was extremely pleased with you.
You were near starving.

You visited 1 branch of the dungeon, and saw 8 of its levels.
You also visited: Sewer.

You collected 363 gold pieces.

Inventory:

Hand Weapons
 a - a +0 hand axe (weapon)
 F - the +9 rapier "Noamukh" {protect, Int+8 Stlth-}
   (You found it on level 6 of the Dungeon)

   It protects the one who uses it against injury (+AC on strike).
   It affects your intelligence (+8).
   It makes you less stealthy.
Missiles
 j - 264 stones (quivered)
Armour
 g - a +2 buckler (worn)
 l - a +0 chain mail (worn)
 p - a +0 pair of boots (worn)
 x - a +2 pair of gloves (worn)
Jewellery
 f - an uncursed ring of resist corrosion
 n - an uncursed ring of positive energy
 o - a ring of protection from fire (right hand)
 A - an amulet of the gourmand (around neck)
 K - a +1 ring of evasion
 O - a +6 ring of strength (left hand)
Wands
 k - a wand of iceblast (9)
 s - a wand of random effects (26)
 N - a wand of digging (6)
Scrolls
 d - 6 scrolls of remove curse
 e - 2 scrolls of identify
 h - a scroll of immolation
 i - a scroll of fog
 m - 2 scrolls of enchant weapon
 u - 2 scrolls of teleportation
 v - a scroll of noise {unknown}
 w - 2 scrolls of amnesia
 y - 2 scrolls of enchant armour {unknown}
 E - a scroll of magic mapping
 J - a scroll of blinking {unknown}
 L - a scroll of vulnerability {unknown}
Potions
 b - 6 potions of heal wounds
 q - 4 potions of flight {unknown}
 r - 2 potions of mutation {unknown}
 t - a potion of resistance {unknown}
 z - a potion of berserk rage
 C - a potion of magic {unknown}
 D - a potion of brilliance
 G - 2 potions of haste {unknown}
 H - a potion of lignification {unknown}
 I - a potion of might {unknown}
 M - a potion of degeneration {unknown}
Books
 B - a manual of Unarmed Combat
Comestibles
 c - 16 rations


   Skills:
 * Level 9.2 Fighting
 + Level 10.7 Axes
 + Level 1.3 Throwing
 * Level 7.7 Armour
 + Level 3.8 Dodging
 - Level 1.0 Stealth
 * Level 7.5 Shields


You had 9 spell levels left.
You didn't know any spells.
Your spell library was empty.

Dungeon Overview and Level Annotations

Branches:
Dungeon (8/15)             Temple (0/1) D:5
   Lair: D:8-11

Altars:
Cheibriados
Sif Muna
Trog
Vehumet
Xom
Zin

Shops:
D:7 *


Innate Abilities, Weirdness & Mutations

You reflexively headbutt those who attack you in melee.
You have a pair of horns on your head.


Message History

The orc priest closely misses you.
You hit the orc.
You kill the orc!
Trog accepts your kill.
You slash the orc warrior! You hit the orc priest. You hit the orc.
You feel sick. The orc hits you but does no damage.
The orc warrior hits you from afar with a +1 trident of distortion!
* * * LOW HITPOINT WARNING * * *
Space bends around you.
* * * LOW HITPOINT WARNING * * *
You block the orc warrior's attack. The orc priest hits you with a +0 club.
* * * LOW HITPOINT WARNING * * *
The orc hits you but does no damage.
It was a potion of heal wounds.
You feel much better.
An orc comes into view. It is wielding a +4 dagger.
The orc hits you but does no damage. The orc barely misses you.
The orc warrior hits you from afar with a +1 trident of distortion!
* * * LOW HITPOINT WARNING * * *
Space warps horribly around you!!
You die...

#......# #... #......#
.#...####### #......#
o.........# ######'###
#........# #.......
#........# #.......
##....o...# #.......
#...oooo..#########.###
##....o@oo.)†.†.>#
#.###
.......)o..#####.#
#....
#####...########.#
#####
..........[......#
......#......^...#
####.............##
#.###..........# #.
#########..# #y #..##


You could see 2 orc warriors, an orc priest and 7 orcs.

Vanquished Creatures
  Grinder (Sewer)
  Sigmund (D:5)
  A wyvern (D:8)
  A steam dragon (D:8)
  Menkaure (D:7)
  A water moccasin (D:5)
  2 sky beasts
  A black bear (D:7)
  2 orc warriors
  A phantom (D:4)
  4 ogres
  2 necrophages
  4 centaurs
  A big kobold (Sewer)
  Blork the orc (D:5)
  4 bullfrogs
  7 killer bees
  A howler monkey (D:6)
  A crimson imp (D:7)
  A bullfrog zombie (D:6)
  2 quasits (Sewer)
  A gnoll shaman (D:7)
  4 hounds
  A jelly (D:7)
  4 orc wizards
  3 orc priests
  2 iguanas (D:7)
  Ijyb (D:3)
  7 worker ants
  2 big kobold zombies (Sewer)
  A worker ant zombie (D:8)
  7 gnolls
  11 adders
  6 river rats (D:6)
  3 shadow imps
  6 ufetubi (Sewer)
  2 oozes
  An adder zombie (D:4)
  6 worms
  A dart slug (D:4)
  7 leopard geckos
  23 orcs
  4 giant cockroaches
  6 goblins
  10 hobgoblins
  16 jackals
  9 quokkas
  2 ball pythons
  6 bats
  9 frilled lizards
  16 kobolds
  2 kobold zombies (Sewer)
  A leopard gecko skeleton (D:5)
  A quokka skeleton (D:4)
  19 rats
240 creatures vanquished.

Vanquished Creatures (others)
  A big kobold zombie (Sewer)
  An ooze (Sewer)
2 creatures vanquished.

Grand Total: 242 creatures vanquished

Notes
Turn   | Place    | Note
-------+----------+-------------------------------------------
     0 | D:1      | Ivan the Minotaur Berserker began the quest for the Orb.
     0 | D:1      | Reached XP level 1. HP: 19/19 MP: 0/0
   350 | D:1      | Reached XP level 2. HP: 27/27 MP: 1/1
   393 | D:1      | Reached skill level 4 in Axes
  1120 | D:2      | Found a snail-covered altar of Cheibriados.
  1122 | D:2      | Found a radiant altar of Vehumet.
  1130 | D:2      | Reached XP level 3. HP: 22/33 MP: 2/2
  1178 | D:2      | Reached ** piety under Trog
  2194 | D:3      | Noticed Ijyb
  2215 | D:3      | Killed Ijyb
  2215 | D:3      | Reached XP level 4. HP: 17/41 MP: 3/3
  2492 | D:3      | Reached skill level 5 in Axes
  2753 | D:3      | Reached XP level 5. HP: 28/47 MP: 4/4
  2763 | D:3      | HP: 2/47 [gnoll/+0 halberd (7)]
  3208 | D:3      | Reached skill level 1 in Shields
  3237 | D:3      | Reached skill level 1 in Stealth
  3539 | D:4      | Reached *** piety under Trog
  3552 | D:4      | Reached skill level 6 in Axes
  3552 | D:4      | Reached XP level 6. HP: 49/55 MP: 5/5
  3559 | D:4      | Reached skill level 5 in Fighting
  3960 | D:4      | Reached XP level 7. HP: 62/62 MP: 6/6
  4066 | D:4      | Reached skill level 7 in Axes
  4313 | D:5      | Entered Level 5 of the Dungeon
  4484 | D:5      | Noticed Blork the orc
  4504 | D:5      | Reached XP level 8. HP: 60/71 MP: 7/7
  4510 | D:5      | Killed Blork the orc
  4510 | D:5      | Reached skill level 8 in Axes
  4510 | D:5      | Reached skill level 5 in Armour
  4554 | D:5      | Found a staircase to the Ecumenical Temple.
  4602 | D:5      | Reached skill level 1 in Throwing
  4602 | D:5      | Reached **** piety under Trog
  4910 | D:5      | Noticed Sigmund
  4936 | D:5      | Killed Sigmund
  5204 | D:6      | Found a glowing drain.
  5229 | Sewer    | Entered a sewer
  5380 | Sewer    | Found a burning altar of Makhleb.
  5394 | Sewer    | Noticed Grinder
  5413 | Sewer    | Paralysed by Grinder for 7 turns
  5454 | Sewer    | Killed Grinder
  5454 | Sewer    | Reached skill level 9 in Axes
  5454 | Sewer    | Reached skill level 5 in Shields
  5843 | D:6      | Reached XP level 9. HP: 79/79 MP: 8/8
  6070 | D:6      | Got a fine rapier
  6071 | D:6      | Identified the +9 rapier "Noamukh" {protect, Int+8 Stlth-}
                  | (You found it on level 6 of the Dungeon)
  6225 | D:6      | Reached ***** piety under Trog
  6586 | D:7      | Found a deep blue altar of Sif Muna.
  6686 | D:7      | Reached skill level 10 in Axes
  6894 | D:7      | Found Zin's Purification Station.
  6894 | D:7      | Found a glowing silver altar of Zin.
  6958 | D:7      | Noticed Menkaure
  6963 | D:7      | Killed Menkaure
  7253 | D:7      | Found a shimmering altar of Xom.
  7343 | D:7      | Found a bloodstained altar of Trog.
  7948 | D:8      | Reached XP level 10. HP: 91/91 MP: 9/9
  8000 | D:8      | HP: 4/91 [orc warrior/+1 trident of distortion (4)]
  8001 | D:8      | Mangled by an orc warrior

Levels and vault maps discovered:
D:1:      minmay_arrival_stair_chambers, layout_basic
D:2:      layout_basic, chequers_temple_overflow_statue_of_worship,
          glass_columns_a
D:3:      minmay_octagon_keep, layout_basic, uniq_ijyb
D:4:      layout_rooms, minmay_misc_feat_tower
D:5:      layout_cave_pods, minmay_temple_entry_offerings, first_ration,
          minmay_manual_macuahuitl, uniq_sigmund, uniq_blork_the_orc
D:6:      lemuel_ratsnest, layout_cave_pods, serial_rivers,
          chequers_serial_rivers_micro_b, chequers_serial_rivers_micro_b,
          chequers_serial_rivers_micro_e, chequers_serial_rivers_marsh,
          cheibrodos_sewer_entry_bend, st_stairs_5
D:7:      kennysheep_six_static_rooms, layout_basic, zin_purify,
          old_standard_altar, nicolae_overflow_hidden_temple, basic_altar,
          minmay_stone_trees_small, uniq_menkaure
D:8:      layout_basic, minmay_lair_entry_grove, special_room
          [special_room_orc], uniq_harold, uniq_joseph, uniq_pikel
Sewer:    kennysheep_sewer_church

Skill      XL: |  1  2  3  4  5  6  7  8  9 |
---------------+----------------------------+-----
Axes           | 4 5 6 7 9 10 | 10.7
Fighting       | 4 5 6 7 9 |  9.2
Armour         | 3 4 6 7 |  7.7
Shields        | 1 2 3 5 7 |  7.5
Dodging        | 3 |  3.8
Stealth        | 1 |  1.0
Throwing       | 1 |  1.3

Action                   |  1- 3 |  4- 6 |  7- 9 | 10-12 || total
-------------------------+-------+-------+-------+-------++-------
Melee: Hand axe          |    84 |   163 |   465 |    30 ||   742
       Headbutt          |    10 |    25 |    96 |     5 ||   136
Throw: Stone             |     1 |     4 |    27 |       ||    32
Invok: Berserk           |       |     1 |     2 |     1 ||     4
       Trog's Hand       |       |       |     1 |       ||     1
  Use: Potion            |     1 |     2 |     1 |     1 ||     5
       Scroll            |       |       |     8 |     1 ||     9
 Stab: Sleeping          |     1 |     1 |       |       ||     2
  Eat: Chunk             |     2 |     5 |     8 |       ||    15
       Ration            |       |     1 |     2 |       ||     3
Armor: Animal skin       |    13 |     4 |       |       ||    17
       Chain mail        |       |    52 |   210 |    18 ||   280
Dodge: Dodged            |    40 |    66 |   155 |    20 ||   281
Block: Buckler           |    13 |    36 |   133 |    14 ||   196

Table legend:
 A = Non-vault XP
 B = Vault XP
 C = Vault XP percentage of total XP
 D = Non-vault monster count
 E = Vault monster count
 F = Vault count percentage of total count
                 A         B        C        D         E       F
            +---------+---------+-------+---------+---------+-------
      Total |    3826 |    2236 |  36.9 |     142 |      99 |  41.1
            +---------+---------+-------+---------+---------+-------
        D:1 |      33 |       0 |   0.0 |      18 |       0 |   0.0
        D:2 |      50 |       0 |   0.0 |      13 |       0 |   0.0
        D:3 |     152 |      98 |  39.2 |      21 |      14 |  40.0
        D:4 |     766 |       0 |   0.0 |      36 |       0 |   0.0
        D:5 |     542 |     462 |  46.0 |       7 |       5 |  41.7
        D:6 |     320 |     378 |  54.2 |      14 |      34 |  70.8
        D:7 |    1055 |     523 |  33.1 |      19 |       6 |  24.0
        D:8 |     908 |     142 |  13.5 |      14 |       7 |  33.3
      Sewer |       0 |     633 | 100.0 |       0 |      33 | 100.0
            +---------+---------+-------+---------+---------+-------
